AoeStats
← Eugenius

Arena

506941532Analyzed
4v4 RM · 16d ago on Sep 15, 2026· 40m 55s· 8 players
Game mode
Random Map
Map size
Large (8 player)
Population
200
Speed
Normal
Resources
Standard
Victory
Conquest
Starting age
Dark Age
Ending age
Imperial Age
RankedLock teamsTeams togetherTeam positionsShared explorationLock speedFull tech treeHidden civsTurbo modeCheats
Victory
Defeat
🇦🇹 Cumans · Austria
1735
+15
🇩🇪 Poles · Germany
1712
+16
🇩🇪 Britons · Germany
1697
+16
🇺🇸 Teutons · United States
1658
+18
🇲🇽 Malay · Mexico
1744
-18
🇺🇸 Italians · United States
1741
-18
🇲🇽 Hindustanis · Mexico
1689
-16
🇵🇪 Spanish · Peru
1638
-13
Xololo
6:33 Loom
8:50 Feudal Age
9:24 Town Watch
15:49 Fletching
19:00 Forging
31:08 Double-Bit Axe
32:14 Horse Collar
34:44 Wheelbarrow
37:26 Castle Age
36:07 Scale Mail Armor
37:49 Pikeman
38:42 Heavy Plow
38:54 Bow Saw
38:44 Bodkin Arrow
39:29 Iron Casting
39:44 Ballistics
39:58 Bodkin Arrow
39:58 Guard Tower
41:15 Chain Mail Armor
41:14 Masonry
MacesB
8:32 Feudal Age
9:06 Double-Bit Axe
10:39 Horse Collar
15:59 Gold Mining
17:39 Wheelbarrow
20:58 Castle Age
19:26 Stone Mining
21:53 Heavy Plow
22:20 Bow Saw
23:03 Coinage
23:23 Scale Barding Armor
23:29 Forging
23:56 Gold Shaft Mining
24:33 Bloodlines
25:20 Chain Barding Armor
25:58 Loom
27:16 Hand Cart
27:59 Iron Casting
31:16 Town Watch
35:33 Imperial Age
33:11 Capped Ram
37:02 Plate Barding Armor
37:28 Blast Furnace
35:50 Cavalier
36:06 Elite Steppe Lancer
37:25 Banking
38:37 Crop Rotation
39:10 Two-Man Saw
39:23 Fletching
39:35 Town Patrol
number5
11:06 Feudal Age
13:01 Loom
15:37 Castle Age
14:17 Double-Bit Axe
15:08 Fletching
15:28 Horse Collar
17:04 Bodkin Arrow
17:37 Town Watch
18:21 Gold Mining
19:47 Crossbowman
22:17 Padded Archer Armor
22:54 Ballistics
26:46 Bow Saw
30:08 Pikeman
33:55 Leather Archer Armor
37:24 Imperial Age
36:02 Wheelbarrow
38:08 Bracer
37:29 Arbalester
39:27 Ring Archer Armor
39:58 Chemistry
40:53 Masonry
Obuk
7:34 Loom
7:55 Loom
9:42 Feudal Age
10:15 Double-Bit Axe
10:36 Horse Collar
14:13 Wheelbarrow
13:54 Bloodlines
18:42 Scale Barding Armor
19:11 Forging
24:29 Loom
25:43 Fletching
38:31 Castle Age
39:29 Bow Saw
39:20 Heavy Plow
39:11 Gold Mining
39:12 Stone Mining
40:43 Scale Mail Armor
41:44 Iron Casting
quesarito
7:59 Feudal Age
8:50 Double-Bit Axe
11:45 Fletching
14:01 Padded Archer Armor
14:43 Loom
18:02 Horse Collar
26:59 Castle Age
27:37 Bodkin Arrow
27:48 Thumb Ring
27:05 Crossbowman
28:58 Ballistics
30:00 Wheelbarrow
29:21 Gold Mining
29:39 Heavy Plow
31:14 Hand Cart
32:33 Bow Saw
33:24 Leather Archer Armor
34:18 Fortified Wall
40:44 Imperial Age
38:42 Gold Mining
41:29 Bracer
42:30 Chemistry
§Y¶# Ä
9:30 Feudal Age
7:47 Loom
15:39 Castle Age
21:36 Husbandry
27:54 Scale Barding Armor
28:34 Forging
30:53 Iron Casting
34:36 Chain Barding Armor
35:07 Double-Bit Axe
40:49 Bloodlines
loco_angel
10:11 Feudal Age
12:57 Loom
15:25 Castle Age
13:50 Double-Bit Axe
14:15 Horse Collar
17:13 Husbandry
19:15 Scale Barding Armor
23:33 Forging
30:15 Wheelbarrow
34:13 Imperial Age
32:18 Bow Saw
32:01 Fletching
32:11 Padded Archer Armor
33:40 Ballistics
33:19 Bodkin Arrow
33:25 Padded Archer Armor
34:46 Chemistry
33:43 Crossbowman
34:29 Thumb Ring
35:10 Heavy Plow
34:41 Arbalester
36:12 Bracer
36:27 Leather Archer Armor
39:14 Ring Archer Armor
39:08 Elite Skirmisher
Eugenius
9:13 Feudal Age
13:46 Castle Age
21:44 Bloodlines
22:39 Husbandry
Connection lost

Rejoining the realm…

Still unreachable

The connection could not be restored.

Session expired

The server has moved on; the page needs a fresh start.